 Dungeon Crawl Stone Soup version 0.26-a0-519-gb2f46ef (webtiles) character file.

Game seed: 5722852654720071516

33 tbh1313 the Magician (level 3, -3/21 HPs)
             Began as an Octopode Hedge Wizard on Aug 10, 2020.
             Shot with a stone by a goblin (6 damage)
             ... led by Robin
             ... on level 1 of the Dungeon.
             The game lasted 00:02:42 (1108 turns).

tbh1313 the Magician (Octopode Hedge Wizard)        Turns: 1108, Time: 00:02:43

Health: -3/21      AC:  2    Str:  9    XL:     3   Next: 29%
Magic:  6/7        EV: 13    Int: 17    God:
Gold:   70         SH:  0    Dex: 11    Spells: 7/8 levels left

rFire    . . .     SeeInvis .   h - +3 dagger (speed)
rCold    . . .     Faith    .   (no shield)
rNeg     . . .     Spirit   .   b - +1 hat
rPois    .         Reflect  .   d - amulet of the acrobat
rElec    .         Harm     .   (no ring)
rCorr    .                      (no ring)
MR       .....                  (no ring)
Stlth    +++.......             (no ring)
HPRegen  0.07/turn              (no ring)
MPRegen  0.10/turn              (no ring)
                                (no ring)
                                (no ring)

@: no status effects
A: almost no armour, stealthy swim, amphibious, 8 rings, constrict 8, camouflage
1, gelatinous body 1
a: no special abilities


You were on level 1 of the Dungeon.
You visited 1 branch of the dungeon, and saw 2 of its levels.

You collected 70 gold pieces.

Inventory:

Hand Weapons
 h - a +3 dagger of speed (weapon)
Armour
 b - a +1 hat (worn)
Jewellery
 d - an amulet of the acrobat (around mantle)
Scrolls
 i - a scroll of remove curse
Potions
 a - a potion of invisibility {unknown}
 c - a potion of flight
 e - a potion of lignification {unknown}
 f - a potion of curing {unknown}
 g - a potion of might {unknown}


   Skills:
 + Level 2.8 Short Blades
 - Level 2.0 Dodging
 - Level 2.6 Stealth
 - Level 3.0 Spellcasting
 - Level 1.0 Conjurations
   Level 1.0 Summonings
   Level 1.0 Translocations


You had 7 spell levels left.
You knew the following spells:

 Your Spells              Type           Power        Failure   Level
a - Magic Dart            Conj           #...         12%         1

Your spell library contained the following spells:

 Spells                   Type           Power        Failure   Level
 Blink                    Tloc           N/A          17%         2
 Call Imp                 Summ           #.......     17%         2
 Slow                     Hex            #.......     26%         2
 Conjure Flame            Conj/Fire      #.......     38%         3
 Mephitic Cloud           Conj/Pois/Air  #.......     41%         3


Dungeon Overview and Level Annotations

Branches:
Dungeon (2/15)

Altars:

Annotations:
D:2 Robin


Innate Abilities, Weirdness & Mutations

You cannot wear most types of armour.
You are very stealthy in the water. (Stealth+)
You are amphibious.
You can wear up to eight rings at the same time.
You can use your tentacles to constrict eight enemies at once.
Your skin changes colour to match your surroundings (Stealth+).
Your rubbery body absorbs attacks. (AC +1, EV +1)


Message History

Your squeeze misses the goblin. You closely miss the goblin.
Your grab misses the goblin.
The goblin wields a +0 hunting sling.
The goblin shoots a stone.
The stone completely misses you. The goblin completely misses you.
The goblin shoots a stone.
The stone completely misses you.
You see here a stone.
You hit the goblin.
You kill the goblin!
The goblin shoots a stone.
The stone misses you.
The goblin shoots a stone.
The stone misses you.
You see here a stone.
Casting: Magic Dart (safe; 12% risk of failure)
Confirm with . or Enter, or press ? or * to list all spells.
Aiming: Magic Dart (safe; 12% risk of failure)
Press: ? - help, Shift-Dir - straight line, f - goblin
Aim: a goblin, wielding a +0 hunting sling and quivering 10 stones The magic dart hits the goblin.
The goblin is moderately wounded.
The goblin shoots a stone.
The stone hits you.
You die...

...##..##.#.##>.#####†.# ###
#......#.###.#.g# #..# #..
#####...## ##...# #..# #.# #
#.....###....# #..########.#
####...##.#.##..# #g..........#
#.^....###.####.# #.#########.#
#####..# ### #(# #.#########.# #
#..########.#####)#.#.......# #
#...........@....#..g.#####.# #
#...........####....#.# #.# #
#..#######..# #......# #.# ##
#..# ####..# #...#..# #.#
.####..####.....########..#####.#
.......##[.............(........#
####............###...##.#####.##
# #.####.##.#.####...##.# #(# #
#.# #.##.#.##........# #.#


You could see a goblin.

Levels and vault maps discovered:
D:1:      minmay_arrival_plants_in_alcoves, layout_loops_ring, minmay_quantized
D:2:      layout_basic, uniq_robin

Notes
Turn   | Place    | Note
-------+----------+-------------------------------------------
     0 | D:1      | tbh1313 the Octopode Hedge Wizard began the quest for the
                  | Orb.
     0 | D:1      | Reached XP level 1. HP: 11/11 MP: 4/4
    98 | D:1      | Reached skill level 1 in Short Blades
   163 | D:1      | Reached XP level 2. HP: 13/17 MP: 6/6
  1006 | D:2      | Reached XP level 3. HP: 21/21 MP: 7/7
  1063 | D:2      | Noticed Robin
  1083 | D:1      | HP: 1/21 [goblin/+0 club[Robin] (6)]
  1108 | D:1      | Shot with a stone by a goblin

Table legend: (Time is in decaauts)
 A = Elapsed time spent in this place.
 B = Non-inter-level travel time spent in this place.
 C = Inter-level travel time spent in this place.
 D = Time resting spent in this place.
 E = Time spent auto-exploring this place.
 F = Levels seen in this place.
 G = Mean time per level.
                   A        B        C        D        E       F      G
               +--------+--------+--------+--------+--------+-----+--------+
         Total |   1094 |   1059 |     35 |    189 |    683 |   2 |  547.0 |
       Dungeon |   1094 |   1059 |     35 |    189 |    683 |   2 |  547.0 |
               +--------+--------+--------+--------+--------+-----+--------+

Top non-repeatable levels by time:
     D:1: 995 daAuts
     D:2: 99 daAuts

Table legend:
 A = Kills in this place as a percentage of kills in entire the game.
 B = Kills by you in this place as a percentage of kills by you in the entire game.
 C = Kills by friends in this place as a percentage of kills by friends in the entire game.
 D = Other kills in this place as a percentage of other kills in the entire game.
 E = Experience gained in this place as a percentage of experience gained in the entire game.
 F = Experience gained in this place divided by the number of levels of this place that you have seen.
                   A       B       C       D       E      F
               +-------+-------+-------+-------+-------+----------------------
         Total | 100.0 | 100.0 |   N/A |   N/A | 100.0 |  24.0
       Dungeon | 100.0 | 100.0 |   N/A |   N/A | 100.0 |  24.0
               +-------+-------+-------+-------+-------+----------------------

Action                   || total
-------------------------++-------
Melee: Dagger            ||    45
       Tentacles         ||     7
       Constrict         ||     9
 Cast: Magic Dart        ||     1
  Use: Scroll            ||     7
 Stab: Sleeping          ||     5
Armor: Skin              ||    10
Dodge: Dodged            ||    46

Vanquished Creatures
  3 oozes
  A giant cockroach (D:2)
  6 goblins
  A hobgoblin (D:1)
  5 bats (D:1)
  7 kobolds
23 creatures vanquished.
